 Dungeon Crawl Stone Soup version 0.19.0-11-g3fc08b3 (webtiles) character file.

35 Chiseanne the Magician (level 3, 10/24 HPs)
             Began as a Demonspawn Wizard on Nov 9, 2016.
             Quit the game on level 2 of the Dungeon.
             The game lasted 00:02:04 (1540 turns).

Chiseanne the Magician (Demonspawn Wizard)          Turns: 1540, Time: 00:02:05

Health: 10/24      AC:  2    Str:  7    XL:     3   Next: 16%
Magic:  4/8        EV: 12    Int: 20    God:
Gold:   42         SH:  0    Dex: 11    Spells: 1 memorised, 8 levels left

rFire  . . .     SeeInvis .     e - +0 spear
rCold  . . .     Gourm    .     a - +0 robe
rNeg   . . .     Faith    .     (no shield)
rPois  .         Spirit   .     b - +0 hat
rElec  .         Reflect  .     (no cloak)
rCorr  .         Harm     .     (no gloves)
MR     .....                    (no boots)
Stlth  +++.......               (no amulet)
                                (no ring)
                                (no ring)

@: no status effects
A: nightstalker 1, spiny 1
a: no special abilities


You were on level 2 of the Dungeon.
You were not hungry.

You visited 1 branch of the dungeon, and saw 2 of its levels.

You collected 42 gold pieces.

Inventory:

Hand Weapons
 e - a +0 spear (weapon)
Missiles
 h - 96 stones (quivered)
 j - 7 poisoned needles
 n - 10 bolts
Armour
 a - a +0 robe (worn)
 b - a +0 hat (worn)
Jewellery
 l - an uncursed ring of flight
Potions
 f - a potion of might {unknown}
 g - a potion of degeneration {unknown}
 m - a potion of haste
Books
 c - a book of Minor Magic

   Spells                             Type                      Level
   a - Magic Dart                     Conjuration                  1
   b - Blink                          Translocation                2
   c - Call Imp                       Summoning                    2
   d - Repel Missiles                 Charms/Air                   2
   e - Slow                           Hexes                        2
   f - Conjure Flame                  Conjuration/Fire             3
   g - Mephitic Cloud                 Conjuration/Poison/Air       3
Comestibles
 d - a bread ration
 i - 3 chunks of flesh
 k - a meat ration


   Skills:
 - Level 1.7 Dodging
 - Level 1.7 Stealth
 * Level 3.5 Spellcasting
 * Level 2.2 Conjurations
   Level 1.0 Summonings
   Level 0.8 Translocations


You had 8 spell levels left.
You knew the following spells:

 Your Spells              Type           Power        Failure   Level  Hunger
a - Magic Dart            Conj           ##..         6%          1    None


Dungeon Overview and Level Annotations

Branches:
Dungeon (2/15)

Altars:

Annotations:
D:2 Robin


Innate Abilities, Weirdness & Mutations

You are slightly more attuned to the shadows.
You are partially covered in sharp spines.


Message History

Confirm with . or Enter, or press ? or * to list all spells.
Aiming: Magic Dart
Press: ? - help, Shift-Dir - straight line, f - adder
Aim: an adder (moderately wounded)
The magic dart hits the adder.
The adder is heavily wounded.
The adder bites you.
Casting: Magic Dart
Confirm with . or Enter, or press ? or * to list all spells.
Aiming: Magic Dart
Press: ? - help, Shift-Dir - straight line, f/p - adder
Aim: an adder (heavily wounded)
The magic dart hits the adder.
You kill the adder!
You have reached level 3!
Your experience leads to an increase in your attributes!
Increase (S)trength, (I)ntelligence, or (D)exterity?
You feel clever.
Your demonic ancestry asserts itself...
You slip into the darkness of the dungeon.
Are you sure you want to abandon this character and quit the game? (Confirm with "yes".)

#.. #.. #.# #.# .
.######.# ...
......#.### #....
#.......####)....>
####....†@.......
##....##.######...
# #..#####.# #
###.## #.# #
##...# #.#
####...## #.#
##......# #..
##.##.#.# ##.
......#..#


There were no monsters in sight!

Vanquished Creatures
  An adder (D:2)
  6 hobgoblins
  3 kobolds
  8 bats (D:1)
  2 frilled lizards (D:1)
  4 goblins
  3 rats (D:1)
27 creatures vanquished.

Notes
Turn   | Place    | Note
-------+----------+-------------------------------------------
     0 | D:1      | Chiseanne the Demonspawn Wizard began the quest for the Orb.
     0 | D:1      | Reached XP level 1. HP: 13/13 MP: 4/4
   494 | D:1      | Gained mutation: You are partially covered in sharp spines. [demonic ancestry]
   494 | D:1      | Reached XP level 2. HP: 18/19 MP: 0/6
  1337 | D:2      | Noticed Robin
  1539 | D:2      | Gained mutation: You are slightly more attuned to the shadows. [demonic ancestry]
  1539 | D:2      | Reached XP level 3. HP: 10/24 MP: 4/8
  1540 | D:2      | Quit the game

Skill      XL: |  1  2 |
---------------+-------+-----
Conjurations   | 2 |  2.2
Dodging        | |  1.7
Stealth        | |  1.7
Spellcasting   | |  3.5
Summonings     | |  1.0
Translocations | |  0.8

Action                   || total
-------------------------++-------
Melee: Spear             ||     3
 Cast: Magic Dart        ||    51
  Use: Scroll            ||     6
  Eat: Chunk             ||     2
Armor: Robe              ||     3
Dodge: Dodged            ||     8
